 Dungeon Crawl Stone Soup version 0.21.1-1-g345015f (webtiles) character file.

2826 Fang the Cleaver (level 9, -10/57 HPs)
             Began as a Gargoyle Berserker on May 29, 2018.
             Was an Elder of Trog.
             Shot with a sling bullet by Joseph (12 damage)
             ... on level 8 of the Dungeon on May 30, 2018.
             The game lasted 00:17:49 (6610 turns).

Fang the Cleaver (Gargoyle Berserker)               Turns: 6610, Time: 00:17:49

Health: -10/57     AC:  8    Str: 25    XL:     9   Next: 73%
Magic:  9/9        EV: 13    Int:  7    God:    Trog [****..]
Gold:   411        SH:  4    Dex:  9    Spells: 8/8 levels left

rFire    + . .     SeeInvis .   a - +5 hand axe
rCold    . . .     Gourm    .   (no shield)
rNeg     + . .     Faith    .   l - +3 leather armour {rF+}
rPois    ∞         Spirit   .   (no helmet)
rElec    +         Reflect  +   (no cloak)
rCorr    .         Harm     .   (no gloves)
MR       .....                  (no boots)
Stlth    +++.......             C - +4 amulet of reflection
HPRegen  0.19/turn              c - +4 ring of slaying
MPRegen  0.11/turn              h - ring of stealth

@: corroded, berserk cooldown, slowed, very slow
A: negative energy resistance 1, electricity resistance, unbreathing,
petrification resistance, rot immunity, AC +6
a: Berserk, Trog's Hand, Brothers in Arms, Burn Spellbooks, Renounce Religion


You were on level 8 of the Dungeon.
You worshipped Trog.
Trog was greatly pleased with you.
You were not hungry.

You visited 2 branches of the dungeon, and saw 9 of its levels.
You also visited: Sewer and Ossuary.

You collected 411 gold pieces.

Inventory:

Hand Weapons
 a - a +5 hand axe (weapon)
Armour
 l - a +3 leather armour of fire resistance (worn)
Jewellery
 c - a +4 ring of slaying (left hand)
 f - an uncursed ring of protection from cold
 h - a ring of stealth (right hand)
 j - an uncursed amulet of magic regeneration
 C - a +4 amulet of reflection (around neck)
 D - an uncursed ring of stealth
 E - a +4 ring of protection {unknown}
Wands
 t - a wand of random effects (53)
 B - a wand of paralysis (19)
Scrolls
 e - 3 scrolls of teleportation
 g - 2 scrolls of remove curse
 i - 2 scrolls of fear
 s - 2 scrolls of fog
 u - a scroll of enchant armour
 y - a scroll of magic mapping
 z - a scroll of blinking
 A - 2 scrolls of torment {unknown}
 F - a scroll of identify
Potions
 b - 8 potions of flight
 d - 2 potions of agility
 k - 7 potions of heal wounds
 m - 2 potions of lignification
 n - a potion of cancellation
 o - 2 potions of degeneration {unknown}
 p - 6 potions of curing
 q - 2 potions of resistance {unknown}
 r - 3 potions of brilliance {unknown}
 v - a potion of haste {unknown}
 x - a potion of might {unknown}
Comestibles
 w - 2 rations


   Skills:
 + Level 7.0 Fighting
 + Level 9.1 Axes
 + Level 4.1 Armour
 + Level 4.3 Dodging
 + Level 4.7 Stealth


You had 8 spell levels left.
You didn't know any spells.

Dungeon Overview and Level Annotations

Branches:
Dungeon (8/15)             Temple (1/1) D:7
   Lair: D:8-11

Altars:
Ashenzari
Cheibriados
Dithmenos
Elyvilon
Fedhas
Kikubaaqudgha
Makhleb
Nemelex Xobeh
Okawaru
Qazlal
Ru
Sif Muna
Trog
Uskayaw
Vehumet
Wu Jian
Xom
Yredelemnul
Zin
The Shining One
Lugonu

Annotations:
D:8 Joseph, Maurice


Innate Abilities, Weirdness & Mutations

You are resistant to torment.
Your stone body is resilient. (AC +6)
You are immune to poison.
You resist negative energy. (rN+)
You are resistant to electric shocks. (rElec)
You can survive without breathing.
You are immune to petrification.
You are immune to rotting.


Message History

Joseph shoots a sling bullet.
The sling bullet hits you!
* * * LOW HITPOINT WARNING * * *
You see here a sling bullet.
You feel your anger nearly subside.
Joseph unwields an uncursed hunting sling.
Joseph wields an uncursed quarterstaff.
Joseph barely misses you.
There is a stone staircase leading up here.
You are no longer berserk.
Trog's vigour flows through your veins.
You are exhausted.
You feel yourself slow down.
Joseph hits you with an uncursed quarterstaff.
* * * LOW HITPOINT WARNING * * *
Joseph closely misses you.
Maurice casts a spell.
Maurice blinks!
Joseph unwields an uncursed quarterstaff.
Joseph wields an uncursed hunting sling.
Joseph shoots a sling bullet.
The sling bullet hits you!
You die...

.#.#.##...#
#.#
.#...##...#
#§#####
.#...######
#(....#
.#...###<#
#(.(..#
.....#.#.###
###.....#
.##.##.....#
#..<....#
[....#[#.#.#
#.#.@.###
######.#.#.#
#.#.#.#
.....#.#.#.#
# #@#.#
...#.#.#...#
#....#
#....#.#####
####.#
##.........#
..#
##..##^###.#
.# ##.....#
....####
.#### ....#


You could see Joseph.

Vanquished Creatures
  Pikel (D:6)
  2 hippogriffs
  Purgy (Sewer)
  A phantom (D:7)
  3 ogres
  A centaur (D:6)
  A big kobold (D:5)
  A bullfrog (D:7)
  A wyvern zombie (D:7)
  A water moccasin zombie (Ossuary)
  2 scorpions
  3 killer bees (D:7)
  4 crimson imps
  3 jellies
  2 hounds (D:7)
  Crazy Yiuf (D:5)
  2 orc priests
  A bullfrog skeleton (D:5)
  A centaur skeleton (D:7)
  An iguana (D:6)
  Terence (D:2)
  4 worker ants
  An orc wizard (D:5)
  2 hound skeletons
  2 mummies (Ossuary)
  7 gnolls (D:2)
  17 adders
  An ooze (D:2)
  4 adder zombies (Ossuary)
  2 adder skeletons (D:7)
  2 worms (D:5)
  2 dart slugs (D:1)
  5 leopard geckos
  17 orcs
  4 ball pythons
  2 bat zombies (D:5)
  2 giant cockroaches
  4 gnoll zombies (Ossuary)
  11 goblins
  9 hobgoblins
  6 jackals
  5 kobolds
  2 quokkas
  10 bats
  2 frilled lizards
  5 hobgoblin zombies (Ossuary)
  A jackal zombie (D:6)
  7 kobold zombies (Ossuary)
  5 orc zombies (Ossuary)
  9 rats
184 creatures vanquished.

Vanquished Creatures (others)
  An ooze (D:5)
  A leopard gecko (D:6)
  3 jackals (D:5)
5 creatures vanquished.

Grand Total: 189 creatures vanquished

Notes
Turn   | Place    | Note
-------+----------+-------------------------------------------
     0 | D:1      | Fang the Gargoyle Berserker began the quest for the Orb.
     0 | D:1      | Reached XP level 1. HP: 14/14 MP: 1/1
    62 | D:1      | Reached XP level 2. HP: 17/19 MP: 2/2
    83 | D:1      | Reached skill level 3 in Axes
   391 | D:1      | Reached XP level 3. HP: 16/24 MP: 3/3
   964 | D:2      | Found a blossoming altar of Fedhas.
   987 | D:2      | Reached XP level 4. HP: 22/29 MP: 4/4
  1010 | D:2      | Reached ** piety under Trog
  1206 | D:2      | Noticed Terence
  1232 | D:2      | Killed Terence
  1232 | D:2      | Reached skill level 4 in Axes
  1232 | D:2      | Reached XP level 5. HP: 33/33 MP: 5/5
  2005 | D:3      | Reached XP level 6. HP: 34/39 MP: 6/6
  2084 | D:3      | Reached skill level 1 in Stealth
  2086 | D:3      | Found a glowing drain.
  2105 | Sewer    | Entered a sewer
  2157 | Sewer    | Noticed Purgy
  2164 | Sewer    | Killed Purgy
  2417 | D:3      | Reached *** piety under Trog
  2517 | D:3      | Found a white marble altar of Elyvilon.
  2713 | D:3      | Reached skill level 5 in Axes
  2757 | D:3      | Reached XP level 7. HP: 40/44 MP: 7/7
  2956 | D:3      | Found an iron altar of Okawaru.
  2960 | D:3      | Found a bloodstained altar of Trog.
  2960 | D:3      | Found a shadowy altar of Dithmenos.
  2961 | D:3      | Found a radiant altar of Vehumet.
  2962 | D:3      | Found a glowing silver altar of Zin.
  2963 | D:3      | Found a glowing golden altar of the Shining One.
  2964 | D:3      | Found a blossoming altar of Fedhas.
  2965 | D:3      | Found an ornate altar of the Wu Jian Council.
  2992 | D:4      | Found a snail-covered altar of Cheibriados.
  3145 | D:4      | Found a shimmering altar of Xom.
  3159 | D:4      | Found a sand-covered staircase.
  3234 | Ossuary  | Entered an ossuary
  3303 | Ossuary  | Reached skill level 5 in Fighting
  3701 | D:4      | Noticed an air elemental
  3703 | D:4      | Found a stormy altar of Qazlal.
  3704 | D:4      | Noticed a fire elemental
  3704 | D:4      | Noticed a water elemental
  3866 | D:5      | Entered Level 5 of the Dungeon
  3974 | D:5      | Reached skill level 6 in Axes
  4028 | D:5      | Found an ancient bone altar of Kikubaaqudgha.
  4073 | D:5      | Reached XP level 8. HP: 43/49 MP: 8/8
  4091 | D:5      | Reached **** piety under Trog
  4225 | D:5      | Found a runed door.
  4724 | D:5      | Noticed Crazy Yiuf
  4735 | D:5      | Killed Crazy Yiuf
  4896 | D:6      | Found a sparkling altar of Nemelex Xobeh.
  5022 | D:6      | Found a shadowy altar of Dithmenos.
  5077 | D:6      | Reached skill level 7 in Axes
  5335 | D:6      | Noticed Pikel
  5348 | D:6      | Killed Pikel
  5348 | D:6      | Reached XP level 9. HP: 55/55 MP: 9/9
  5657 | D:7      | Reached skill level 8 in Axes
  6202 | D:7      | Found a staircase to the Ecumenical Temple.
  6214 | Temple   | Entered the Ecumenical Temple
  6526 | D:8      | Reached skill level 9 in Axes
  6593 | D:8      | Noticed Maurice
  6598 | D:8      | Noticed Joseph
  6609 | D:8      | HP: 2/57 [Joseph/uncursed quarterstaff (6)]
  6610 | D:8      | Shot with a sling bullet by Joseph

Skill      XL: |  1  2  3  4  5  6  7  8  9 |
---------------+----------------------------+-----
Axes           | 3 4 5 6 7 9 |  9.1
Fighting       | 4 5 6 7 |  7.0
Dodging        | 2 3 4 |  4.3
Stealth        | 1 2 3 4 |  4.7
Armour         | 3 4 |  4.1

Action                   |  1- 3 |  4- 6 |  7- 9 || total
-------------------------+-------+-------+-------++-------
Melee: Hand axe          |   119 |   289 |   290 ||   698
Invok: Berserk           |       |     4 |     3 ||     7
  Use: Scroll            |       |    10 |    10 ||    20
 Stab: Sleeping          |     2 |     6 |    12 ||    20
       Distracted        |       |       |     1 ||     1
  Eat: Chunk             |       |     3 |     6 ||     9
       Ration            |       |     2 |     3 ||     5
Armor: Animal skin       |    23 |       |       ||    23
       Leather armour    |    28 |   152 |   101 ||   281
Dodge: Dodged            |   102 |   225 |   196 ||   523
Block: Other             |       |       |    12 ||    12
